 Dungeon Crawl Stone Soup version 0.19.0-16-g73b5abf (webtiles) character file.

151 Chiseanne the Magician (level 5, 18/35 HPs)
             Began as a Demonspawn Wizard on Nov 10, 2016.
             Quit the game on level 3 of the Dungeon.
             The game lasted 00:03:16 (3248 turns).

Chiseanne the Magician (Demonspawn Wizard)          Turns: 3248, Time: 00:03:17

Health: 18/35      AC:  4    Str: 12    XL:     5   Next: 11%
Magic:  3/11       EV: 12    Int: 20    God:
Gold:   143        SH:  0    Dex: 12    Spells: 1 memorised, 11 levels left

rFire  . . .     SeeInvis +     t - +0 short sword
rCold  . . .     Gourm    .     a - +0 robe
rNeg   . . .     Faith    .     (no shield)
rPois  .         Spirit   .     b - +0 hat
rElec  .         Reflect  .     (no cloak)
rCorr  .         Harm     .     (no gloves)
MR     .....                    (no boots)
Stlth  ++........               (no amulet)
                                (no ring)
                                m - ring of see invisible

@: mighty
A: horns 1, yellow scales 1, powered by pain 1
a: no special abilities


You were on level 3 of the Dungeon.
You were not hungry.

You visited 1 branch of the dungeon, and saw 3 of its levels.

You collected 143 gold pieces.

Inventory:

Hand Weapons
 l - a +0 dagger
 t - a +0 short sword (weapon)
Missiles
 f - 8 bolts
 k - 41 sling bullets
 n - 16 poisoned needles
 p - 97 stones (quivered)
 w - 29 arrows
Armour
 a - a +0 robe (worn)
 b - a +0 hat (worn)
Jewellery
 m - a ring of see invisible (left hand)
Scrolls
 g - 3 scrolls of amnesia
 i - a scroll of magic mapping
 q - a scroll of blinking
 v - a scroll of teleportation
Potions
 e - a potion of might
 j - a potion of berserk rage {unknown}
 o - 2 potions of curing {unknown}
 r - a potion of lignification {unknown}
 s - a potion of heal wounds
Books
 c - a book of Minor Magic

   Spells                             Type                      Level
   a - Magic Dart                     Conjuration                  1
   b - Blink                          Translocation                2
   c - Call Imp                       Summoning                    2
   d - Repel Missiles                 Charms/Air                   2
   e - Slow                           Hexes                        2
   f - Conjure Flame                  Conjuration/Fire             3
   g - Mephitic Cloud                 Conjuration/Poison/Air       3
Comestibles
 d - 2 bread rations
 h - a meat ration
 u - 2 slices of pizza


   Skills:
 - Level 1.7 Dodging
 - Level 1.7 Stealth
 * Level 4.3 Spellcasting
 * Level 3.5 Conjurations
   Level 1.0 Summonings
   Level 0.8 Translocations


You had 11 spell levels left.
You knew the following spells:

 Your Spells              Type           Power        Failure   Level  Hunger
a - Magic Dart            Conj           ###.         2%          1    None


Dungeon Overview and Level Annotations

Branches:
Dungeon (3/15)

Altars:


Innate Abilities, Weirdness & Mutations

You have a pair of small horns on your head.
You are partially covered in yellow scales. (AC +2)
You sometimes gain a little power by taking damage.


Message History

Mlkhall's ghost is severely damaged.
Mlkhall's ghost misses you.
You puncture Mlkhall's ghost!
Mlkhall's ghost is almost destroyed.
Mlkhall's ghost completely misses you.
You closely miss Mlkhall's ghost.
Mlkhall's ghost is almost destroyed.
Mlkhall's ghost hits you.
You barely miss Mlkhall's ghost.
Mlkhall's ghost is almost destroyed.
Mlkhall's ghost hits you.
You barely miss Mlkhall's ghost.
Mlkhall's ghost is almost destroyed.
Mlkhall's ghost closely misses you.
You puncture Mlkhall's ghost!
You destroy Mlkhall's ghost!
You have reached level 5!
Your demonic ancestry asserts itself...
A pair of horns grows on your head!
Are you sure you want to abandon this character and quit the game? (Confirm with "yes".)

#..#.# #.#.## #
#.##### ##.# #.#
##.#####.#.# #.#
#.......... ##
##.##
#.....$.#....
#####...#
#......†....
........## #...#
# #######..#
##@##)#.### ##
#..######........
#
#.............###
+.#######.#.###
#.# #.#... #.#
#.# ### #.. ..#
.. ### ##


There were no monsters in sight!

Vanquished Creatures
  The ghost of Mlkhall the Ruffian, a weakling DrTm (D:3)
  Ijyb (D:2)
  3 adders (D:2)
  2 worms (D:2)
  4 dart slugs
  4 bats
  5 goblins
  3 hobgoblins
  4 jackals
  A ball python (D:1)
  2 frilled lizards
  10 kobolds
  8 rats
48 creatures vanquished.

Notes
Turn   | Place    | Note
-------+----------+-------------------------------------------
     0 | D:1      | Chiseanne the Demonspawn Wizard began the quest for the Orb.
     0 | D:1      | Reached XP level 1. HP: 13/13 MP: 4/4
   383 | D:1      | Gained mutation: You sometimes gain a little power by taking damage. [demonic ancestry]
   383 | D:1      | Reached XP level 2. HP: 19/19 MP: 0/6
  1126 | D:2      | Noticed Ijyb
  1143 | D:2      | Killed Ijyb
  1143 | D:2      | Reached XP level 3. HP: 24/24 MP: 0/8
  1974 | D:2      | Gained mutation: You are partially covered in yellow scales. (AC +2) [demonic ancestry]
  1974 | D:2      | Reached XP level 4. HP: 30/30 MP: 5/9
  2212 | D:2      | Reached skill level 4 in Spellcasting
  3224 | D:3      | Noticed Mlkhall's ghost (weakling DrTm)
  3247 | D:3      | Killed Mlkhall's ghost
  3247 | D:3      | Gained mutation: You have a pair of small horns on your head. [demonic ancestry]
  3247 | D:3      | Reached XP level 5. HP: 17/35 MP: 3/11
  3248 | D:3      | Quit the game

Skill      XL: |  1  2  3  4 |
---------------+-------------+-----
Conjurations   | 2 3 |  3.5
Spellcasting   | 4 |  4.3
Dodging        | |  1.7
Stealth        | |  1.7
Summonings     | |  1.0
Translocations | |  0.8

Action                   |  1- 3 |  4- 6 || total
-------------------------+-------+-------++-------
Melee: Dagger            |     8 |       ||     8
       Short sword       |     7 |    16 ||    23
 Cast: Magic Dart        |    75 |    55 ||   130
  Use: Scroll            |     6 |     3 ||     9
       Potion            |       |     2 ||     2
  Eat: Chunk             |     3 |     4 ||     7
Armor: Robe              |     7 |     6 ||    13
Dodge: Dodged            |    17 |    17 ||    34
